Unix NetHack Version 3.7.0-62 Work-in-progress - last build Aug 7 2022 04:32:40 (f254b98e4f4e6c2f4e816e90bd3419c5233a8e5f,branch:master). Game began 2022-08-15 10:50:35, ended 2022-08-15 10:58:45. Merlek, lawful female human Valkyrie ---- ---- |..- |<.-- |..-------.... |...--- |.)G........... -....| --.--.--........ ----.| ---|.| ..).... |.| |.-- ...... |.-- |..| ......-- |..| --.| |.......| -^| |.| |).)...*-- |.---. |.| --....)*).--- |..... |.| -..........#- ------.. |.| .......# --.---... |.| ...%. |....... |.-- ..).- |...............| #-..## --.....^.......| ...## --).----....--- #...| |..| #..# ### Merlek the Skirmisher St:16 Dx:11 Co:17 In:9 Wi:13 Ch:9 Lawful Dlvl:4 $:120 HP:0(50) Pw:14(14) AC:5 Xp:4/127 T:1706 Latest messages: You hit the gnome. The gnome swings wildly and misses! You kill the gnome! N - 7 crossbow bolts. The gnome just misses! You miss the gnome. The gnome hits! You kill the gnome! There is a gnome corpse here; eat it? [ynq] (n) Blecch! Rotten food! You feel rather light headed. You finish eating the gnome corpse. You feel less confused now. You stop waiting. You hit the gnome! You hit the gnome. You are hit by a crossbow bolt. You are hit by a crossbow bolt. The gnome hits! You kill the gnome! You are hit by a crossbow bolt. A crossbow bolt misses you. You hear crashing rock. You are hit by a crossbow bolt. A crossbow bolt misses you. The crossbow bolt misses. The crossbow bolt misses. The gnome swings his crossbow. The gnome hits! You miss the gnome. You hit the gnome. You kill the gnome! O - 6 crossbow bolts. Where do you want to travel to? (For instructions type a '?') You hear crashing rock. The crossbow bolt misses. The crossbow bolt misses. The crossbow bolt misses. The crossbow bolt misses. You stop waiting. You hit the gnome. The gnome swings her aklys. The gnome hits! You die... Do you want your possessions identified? [ynq] (y) Do you want to see your attributes? [ynq] (y) Do you want an account of creatures vanquished? [ynaq] (y) Do you want to see your conduct and achievements? [ynq] (y) Do you want to see the dungeon overview? [ynq] (y) Major events: Turn 1: Merlek the lawful human Valkyrie entered the dungeon 596: entered the Gnomish Mines 981: attained the rank of Skirmisher (level 3) 1076: entered Sokoban 1706: killed by a gnome Inventory: Weapons N - 7 +0 crossbow bolts O - 6 cursed -1 crossbow bolts e - 7 cursed +0 ya f - 20 +0 darts (at the ready) b - a +0 dagger a - a rusty +1 spear (weapon in hand) Armor w - an uncursed +0 pair of high boots c - an uncursed +3 small shield (being worn) k - an uncursed +0 cloak of invisibility (being worn) x - an uncursed +0 ring mail Comestibles C - 3 uncursed tripe rations L - an uncursed tin of boiled goblin meat G - an uncursed tin of pickled wood nymph meat y - an uncursed tin of stir fried yellow mold v - 2 uncursed eggs Scrolls I - a blessed scroll of earth J - an uncursed scroll of earth h - a cursed scroll of enchant weapon j - an uncursed scroll of gold detection M - a blessed scroll of magic mapping p - an uncursed scroll of scare monster g - an uncursed scroll of teleportation Spellbooks r - an uncursed spellbook of magic missile Potions m - an uncursed potion of blindness o - an uncursed potion of enlightenment i - a cursed potion of fruit juice u - an uncursed potion of object detection z - an uncursed potion of speed A - a potion of holy water l - an uncursed potion of water Rings E - an uncursed +1 ring of gain constitution B - a cursed ring of polymorph n - an uncursed ring of protection from shape changers Wands F - a cursed wand of cancellation (0:6) Tools D - an uncursed bugle K - an uncursed blindfold s - an uncursed mirror Gems/Stones q - an uncursed worthless piece of green glass Boulders/Statues t - an empty uncursed statue of a newt Merlek the Valkyrie's attributes: Background: You were a Skirmisher, a level 4 human Valkyrie. You were lawful, on a mission for Tyr who was opposed by Odin (neutral) and Loki (chaotic). You were in the Gnomish Mines, on level 4. You entered the dungeon 1706 turns ago. You had 127 experience points, 33 more were needed to attain level 5. Basics: You had 0 out of 50 hit points. You had all 14 energy points (spell power). Your armor class was 5. Your wallet contained 120 zorkmids. Autopickup was on for '$' plus thrown, with exceptions. Final Characteristics: Your strength was 16 (limit:18/100). Your dexterity was 11 (limit:18). Your constitution was 17 (limit:18). Your intelligence was 9 (limit:18). Your wisdom was 13 (limit:18). Your charisma was 9 (limit:18). Final Status: You were not hungry. You were unencumbered. You were wielding a spear. You had basic skill with spear. Final Attributes: You were devoutly aligned. You were cold resistant. You were invisible. You were stealthy. You were warded. You are dead. Miscellaneous: You never encountered a bones level. Total elapsed playing time was 8 minutes and 9 seconds. Vanquished creatures: a kitten a homunculus a giant bat a werejackal a gas spore 2 cave spiders 7 gnomes 3 geckos 4 jackals a fox a kobold a goblin 5 sewer rats 2 grid bugs a lichen a kobold zombie 4 newts 37 creatures vanquished. No species were genocided or became extinct. Voluntary challenges: You read items or engraved 1 time. You never engraved Elbereth. You never genocided any monsters. You never polymorphed an object. You never changed form. You used no wishes. You did not violate any of the special Sokoban rules. Achievements: You entered the Gnomish Mines. You attained the rank of Skirmisher. You entered Sokoban. The Dungeons of Doom: levels 1 to 7 Level 1: Level 2: Level 3: A fountain. Stairs down to The Gnomish Mines. Level 4: "vault" Level 5: Level 6: Stairs up to Sokoban, level 5. Level 7: The Gnomish Mines: Level 4: <- You were here. Final resting place for you, killed by a gnome. Sokoban: Level 5: Unsolved. Game over: ---------- / \ / REST \ / IN \ / PEACE \ / \ | Merlek | | 120 Au | | killed by a | | gnome | | | | | | 2022 | *| * * * | * _________)/\\_//(\/(/\)/\//\/|_)_______ Farvel Merlek the Valkyrie... You died in The Gnomish Mines on dungeon level 4 with 916 points, and 120 pieces of gold, after 1706 moves. You were level 4 with a maximum of 50 hit points when you died.